 Dungeon Crawl Stone Soup version 0.31-a0-618-g7ca08c1ff9 (webtiles) character file.

Game seed: 6184350003388312855

364 kae the Changeling (level 6, -8/47 HPs)
             Began as a Draconian Shapeshifter on Aug 22, 2023.
             Mangled by an ogre
             ... wielding a +0 giant club
              (26 damage)
             ... on level 4 of the Dungeon.
             The game lasted 00:03:34 (3052 turns).

kae the Changeling (Draconian Shapeshifter)         Turns: 3052, Time: 00:03:35

Health: -8/47      AC:  6    Str: 21    XL:     6   Next: 39%
Magic:  6/6        EV: 12    Int:  8    God:
Gold:   222        SH:  0    Dex: 12    Spells: 5/5 levels left

rFire   . .          .
                       - Unarmed
rCold   . . .        (no shield)
rNeg    . . .        (body armour unavailable)
rPois   .            (helmet currently unavailable)
rElec   .            (cloak currently unavailable)
rCorr   .            (gloves currently unavailable)
SInv    .            (boots currently unavailable)
Will    .....        (no amulet)
Stlth   +            (no ring)
HPRegen 0.27/turn    (no ring)
MPRegen 0.10/turn

%: no passive effects
@: beast-form
A: beast (slay +3), AC +6, unfitting armour, cold-blooded, strong 1, inability
to read after injury 1
a: Begin Untransformation


You were on level 4 of the Dungeon.
You were a hulking beast.
You visited 1 branch of the dungeon, and saw 4 of its levels.

You collected 222 gold pieces.


Innate Abilities, Weirdness & Mutations

You are a hulking beast.
Your limbs bulge with bestial killing power. (Slay +3)
Your plain brown scales are hard. (AC +6)
You cannot fit into any form of body armour.
You are cold-blooded and may be slowed by cold attacks.
Your muscles are strong. (Str +4, Int/Dex -1)
You occasionally lose the ability to read scrolls when taking damage.


   Skills:
 - Level 1.1 Fighting
 - Level 1.7 Dodging
 + Level 4.8 Unarmed Combat
 * Level 5.8 Shapeshifting


You had 5 spell levels left.
You didn't know any spells.
Your spell library contained the following spells:

 Spells                   Type           Power      Damage    Failure   Level
 Shock                    Conj/Air       0%         1d3       41%         1
 Summon Small Mammal      Summ           0%         N/A       41%         1
 Wereblood                Tmut           0%         N/A       54%         2
 Call Canine Familiar     Summ           0%         N/A       78%         3
 Summon Guardian Golem    Hex/Summ       0%         N/A       78%         3
 Swiftness                Air            0%         N/A       78%         3
 Airstrike                Air            0%         2d(0-16)  99%         4
 Irradiate                Conj/Tmut      0%         3d11      100%        5

Inventory:

Missiles
 d - 71 stones
 e - a throwing net {=f!f}
 g - 3 javelins
 n - 11 poisoned darts
Jewellery
 h - the Hermit's Pendant {Faith Invo=14 Evo=0 MP+5}
   (You found it on level 4 of the Dungeon)

   [amulet of faith]

   Invo=14: It sets your Invocations skill to 14.
   Evo=0: It sets your Evocations skill to 0.
   Faith:     It allows you to gain divine favour quickly.
   MP+5:      It affects your magic capacity (+5).
Talismans
 b - a beast talisman (active)
 c - a flux talisman
Scrolls
 i - a scroll of identify {@r1}
 l - a scroll of immolation {!r!r}
Potions
 a - 2 potions of lignification {!q}
 f - 3 potions of cancellation
 o - a potion of mutation {!q}

Dungeon Overview and Level Annotations

Branches:
Dungeon (4/15) Zot: 20981
 Temple: D:4-7

Altars:
Makhleb

Annotations:
D:4 exclusion: black bear

###[.[<##
##...........##
....####
######.######
##### #.# #.#
#.# #.# ## #.#
..
########.#####
##
.......h.....#
###$..O......#
#..........#
############


You could see an ogre.


Message History

You kill the orc!
The jackal barely misses you.
You punch the jackal!
You kill the jackal! 😕 HP[+1]
You completely miss the orc. The orc hits you but does no damage.
You closely miss the orc. The orc barely misses you.
You punch the orc!
You kill the orc!
No target in view!
No target in view!
No target in view!
No target in view!
No target in view!
Things that are here:
a +0 club; a +0 ring mail You pick up a book of Changes and begin reading...
You add the spells Wereblood and Irradiate to your library. 😎 HP[+9]
Your hp is fully restored (47).
Unknown command.
Found a stone staircase leading down and a stone staircase leading up.
Unknown command.
You see here a +0 scale mail.
You see here a +0 dagger.
You see here a +0 dagger.
You see here a +0 scale mail.
You now have 200 gold pieces (gained 13).
i - a scroll of identify {@r1} You pick up a book of Air and begin reading...
You add the spells Shock, Swiftness and Airstrike to your library.
d - 71 stones (gained 5)
You now have 212 gold pieces (gained 12).
You now have 222 gold pieces (gained 10).
Found a stone staircase leading down.
A worm comes into view.
A worm is nearby!
A worm is nearby!
A worm is nearby!
The worm bites you. 😕 HP[-5]
You take 5 damage, and now have 42/47 hp.
A worm is nearby!
You punch the worm! You tail-slap the worm. You hit the worm.
You kill the worm! 😕 HP[+1]
You see here a scroll of amnesia.
There is a stone staircase leading down here.
There is a stone staircase leading down here.
You see here a scroll of amnesia.
You see here a worm corpse.
Key pressed, stopping explore.
No target in view!
No target in view! 😎 HP[+4]
Your hp is fully restored (47).
The jackal barks!
The jackal bites you. 😕 HP[-1]
You take 1 damage, and now have 46/47 hp.
A jackal is nearby!
You hit the jackal.
Your tail-slap misses the jackal.
The jackal bites you but does no damage.
The jackal barely misses you.
You hit the jackal.
Your tail-slap misses the jackal.
The jackal bites you but does no damage.
A jackal is nearby!
You closely miss the jackal.
The jackal bites you but does no damage.
You barely miss the jackal. You tail-slap the jackal.
You kill the jackal! 😎 HP[+1]
Your hp is fully restored (47).
No target in view!
No target in view!
Things that are here:
a +0 short sword; an orc corpse
Things that are here:
a +0 hand axe; a jackal skeleton Key pressed, stopping explore.
An ogre comes into view. It is wielding a +0 giant club.
An ogre is nearby!
An ogre is nearby!
The helpless ogre fails to defend itself.
You hit the ogre. The ogre closely misses you.
You hit the ogre but do no damage. You tail-slap the ogre.
The ogre hits you with a +0 giant club!!
Ouch! That really hurt!
* * * LOW HITPOINT WARNING * * *
😨 HP[-30]
You take 30 damage, and now have 17/47 hp.
MASSIVE DAMAGE!! (PAUSE)
You barely miss the ogre. 😨 HP[+1] Unknown command.
You punch the ogre!
The ogre hits you with a +0 giant club!!
Ouch! That really hurt!
You die...

Skill      XL: |  1  2  3  4  5 |
---------------+----------------+-----
Shapeshifting  | 4 5 |  5.8
Unarmed Combat | 4 |  4.8
Fighting       | |  1.1
Dodging        | |  1.7

Action                     |  1- 3 |  4- 6 || total
---------------------------+-------+-------++-------
  Melee: Unarmed           |   108 |   192 ||   300
         Tailslap          |    11 |    19 ||    30
         Punch             |     1 |     5 ||     6
    Use: Scroll            |     1 |     7 ||     8
         Potion            |     1 |     5 ||     6
   Stab: Sleeping          |     1 |     1 ||     2
 Armour: Skin              |    31 |    53 ||    84
  Dodge: Dodged            |    84 |   112 ||   196

Levels and vault maps discovered:
D:1:      minmay_arrival_diagonal_passages, layout_basic,
          minmay_stone_trees_large, minmay_surrounded
D:2:      layout_rooms, minmay_tree_intersection, palyth_stone_intersect
D:3:      layout_basic
D:4:      layout_rooms, mainiacjoe_overflow_surrounded_room

Notes
Turn   | Place    | Note
-------+----------+-------------------------------------------
     0 | D:1      | kae the Draconian Shapeshifter began the quest for the Orb.
     0 | D:1      | Reached XP level 1. HP: 16/16 MP: 1/1
     0 | D:1      | magus.rc [v1.11.3]
   247 | D:1      | Reached XP level 2. HP: 14/23 MP: 2/2
   550 | D:1      | Reached XP level 3. HP: 28/28 MP: 3/3
   878 | D:2      | Reached skill level 4 in Shapeshifting
   937 | D:2      | Reached XP level 4. HP: 34/35 MP: 4/4
  1389 | D:3      | Reached skill level 4 in Unarmed Combat
  1558 | D:3      | Reached XP level 5. HP: 31/40 MP: 5/5
  1714 | D:3      | Reached skill level 5 in Shapeshifting
  2108 | D:4      | Found the Hermit's Pendant {Faith Invo=14 Evo=0 MP+5}
  2148 | D:4      | Found a burning altar of Makhleb.
  2169 | D:4      | Noticed a black bear
  2241 | D:4      | HP: 9/40 [gnoll/+0 halberd[a gnoll bouda] (5)]
  2246 | D:4      | HP: 2/40 [gnoll/+0 halberd[a gnoll bouda] (10)]
  2248 | D:4      | Gained mutation: Your muscles are strong. (Str +4, Int/Dex
                  | -1) [potion of mutation]
  2248 | D:4      | Gained mutation: You occasionally lose the ability to read
                  | scrolls when taking damage. [potion of mutation]
  2442 | D:3      | HP: 7/40 [gnoll bouda/+0 club (8)]
  2445 | D:3      | Reached XP level 6. HP: 8/47 MP: 6/6
  2449 | D:3      | HP: 2/47 [gnoll/+0 long sword[a gnoll bouda] (6)]
  2654 | D:4      | You pick up a book of Callings and begin reading...
  2654 | D:4      | You add the spells Summon Small Mammal, Call Canine
                  | Familiar and Summon Guardian Golem to your library.
  2819 | D:4      | You pick up a book of Changes and begin reading...
  2819 | D:4      | You add the spells Wereblood and Irradiate to your library.
  2886 | D:4      | You pick up a book of Air and begin reading...
  2886 | D:4      | You add the spells Shock, Swiftness and Airstrike to your
                  | library.
  3052 | D:4      | Mangled by an ogre

Vanquished Creatures
  A gnoll bouda (D:3)
  A jelly (D:4)
  3 orc wizards
  7 gnolls
  5 adders
  An ufetubus (D:4)
  A worm (D:4)
  9 orcs
  7 endoplasms
  6 giant cockroaches
  11 hobgoblins
  8 jackals
  6 kobolds
  6 quokkas
  7 ball pythons
  4 bats
  6 frilled lizards
  10 goblins
  6 rats
105 creatures vanquished.

Table legend:
 A = Non-vault XP
 B = Vault XP
 C = Vault XP percentage of total XP
 D = Non-vault monster count
 E = Vault monster count
 F = Vault count percentage of total count
                 A         B        C        D         E       F
            +---------+---------+-------+---------+---------+-------
      Total |     516 |       4 |   0.8 |     103 |       2 |   1.9
            +---------+---------+-------+---------+---------+-------
        D:1 |      44 |       4 |   8.3 |      27 |       2 |   6.9
        D:2 |     106 |       0 |   0.0 |      28 |       0 |   0.0
        D:3 |     170 |       0 |   0.0 |      22 |       0 |   0.0
        D:4 |     196 |       0 |   0.0 |      26 |       0 |   0.0
            +---------+---------+-------+---------+---------+-------

Skill      XL: |  1  2  3  4  5 |
---------------+----------------+-----
Shapeshifting  | 4 5 |  5.8
Unarmed Combat | 4 |  4.8
Fighting       | |  1.1
Dodging        | |  1.7

Action                     |  1- 3 |  4- 6 || total
---------------------------+-------+-------++-------
  Melee: Unarmed           |   108 |   192 ||   300
         Tailslap          |    11 |    19 ||    30
         Punch             |     1 |     5 ||     6
    Use: Scroll            |     1 |     7 ||     8
         Potion            |     1 |     5 ||     6
   Stab: Sleeping          |     1 |     1 ||     2
 Armour: Skin              |    31 |    53 ||    84
  Dodge: Dodged            |    84 |   112 ||   196

Illustrated notes

Table legend:
 A = Kills in this place as a percentage of kills in the entire game.
 B = Kills by you in this place as a percentage of kills by you in the entire game.
 C = Kills by friends in this place as a percentage of kills by friends in the entire game.
 D = Other kills in this place as a percentage of other kills in the entire game.
 E = Experience gained in this place as a percentage of experience gained in the entire game.
 F = Experience gained in this place divided by the number of levels of this place that you have seen.
                   A       B       C       D       E      F
               +-------+-------+-------+-------+-------+----------------------
         Total | 100.0 | 100.0 |   N/A |   N/A | 100.0 | 130.0
       Dungeon | 100.0 | 100.0 |   N/A |   N/A | 100.0 | 130.0
               +-------+-------+-------+-------+-------+----------------------

Table legend: (Time is in decaauts)
 A = Elapsed time spent in this place.
 B = Non-inter-level travel time spent in this place.
 C = Inter-level travel time spent in this place.
 D = Time resting spent in this place.
 E = Time spent auto-exploring this place.
 F = Levels seen in this place.
 G = Mean time per level.
                   A        B        C        D        E       F      G
               +--------+--------+--------+--------+--------+-----+--------+
         Total |   3017 |   2944 |     73 |    357 |   1918 |   4 |  754.2 |
       Dungeon |   3017 |   2944 |     73 |    357 |   1918 |   4 |  754.2 |
               +--------+--------+--------+--------+--------+-----+--------+

Top non-repeatable levels by time:
     D:3: 1030 daAuts
     D:1: 740 daAuts
     D:2: 626 daAuts
     D:4: 620 daAuts
